 Dungeon Crawl Stone Soup version 0.31-a0-210-gccc998df9b (webtiles) character file.

Game seed: 7515738743894959759

216 qw the Chopper (level 5, -9/33 HPs)
             Began as a Gargoyle Fighter on June 30, 2023.
             Mangled by an ogre
             ... wielding a +0 giant spiked club
              (24 damage)
             ... on level 4 of the Dungeon.
             The game lasted 00:01:38 (2766 turns).

qw the Chopper (Gargoyle Fighter)                   Turns: 2766, Time: 00:01:38

Health: -9/33      AC: 10    Str: 22    XL:     5   Next: 93%
Magic:  0/5        EV:  9    Int:  8    God:
Gold:   124        SH:  4    Dex:  9    Spells: 4/4 levels left

rFire   . . .        Y - +0 war axe
rCold   . . .        c - +0 buckler
rNeg    + . .        b - +0 scale mail
rPois   inf          (no helmet)
rElec   +            f - scarf {repulsion}
rCorr   .            (no gloves)
SInv    .            (no boots)
Will    .....        g - amulet of guardian spirit Stlth
                     (no ring)
HPRegen 0.25/turn    (no ring)
MPRegen 0.09/turn

%: repel missiles, guardian spirit
@: no status effects
A: sickness immunity, AC +4, negative energy resistance 1, electricity
resistance, torment resistance 1, petrification resistance
a: no special abilities


You were on level 4 of the Dungeon.
You visited 1 branch of the dungeon, and saw 4 of its levels.

You collected 124 gold pieces.


Innate Abilities, Weirdness & Mutations

You are immune to sickness and miasma.
Your stone body is resilient. (AC +4)
You are immune to poison.
You resist negative energy. (rN+)
You are resistant to electric shocks. (rElec)
You are resistant to unholy torment.
You are immune to petrification.


   Skills:
 + Level 3.9 Fighting
 - Level 5.1 Axes
 - Level 3.2 Armour
 - Level 3.2 Shields


You had 4 spell levels left.
You didn't know any spells.
Your spell library was empty.

Inventory:

Hand Weapons
 j - a +0 mace
 Y - a +0 war axe (weapon)
Armour
 b - a +0 scale mail (worn)
 c - a +0 buckler (worn)
 e - a +0 cloak
 f - a scarf of repulsion (worn)
 k - a +2 robe of resistance
Jewellery
 g - an amulet of guardian spirit (around neck)
Scrolls
 n - a scroll of identify
Potions
 a - a potion of resistance {unknown}
 d - a potion of might
 h - a potion of curing {unknown}
 i - a potion of attraction {unknown}
 l - a potion of lignification

Dungeon Overview and Level Annotations

Branches:
Dungeon (4/15)
 Temple: D:4-7

Altars:


Message History

The adder is moderately wounded.
The adder bites you but does no damage. The adder bites you.
You miss the adder.
The adder is moderately wounded.
The adder bites you but does no damage.
You slash the adder!
You kill the adder!
Magic restored.
n - a scroll of identify
Found a stone staircase leading down.
There is a stone staircase leading down here.
There is a stone staircase leading down here.
You now have 124 gold pieces (gained 14).
An ogre comes into view. It is wielding a +0 giant spiked club.
The ogre shouts!
Enter note: You slash the ogre!
The ogre is heavily wounded.
The ogre hits you with a +0 giant spiked club!!
Ouch! That really hurt!
2761 ||| DRINKING potion of heal wounds.
You feel much better.
The ogre hits you with a +0 giant spiked club!!
Ouch! That really hurt!
You barely miss the ogre.
The ogre is heavily wounded.
You barely miss the ogre.
The ogre is heavily wounded.
The ogre closely misses you.
You hit the ogre but do no damage.
The ogre is heavily wounded.
The ogre barely misses you.
You hit the ogre.
The ogre is heavily wounded.
The ogre closely misses you.
You slash the ogre!
The ogre is almost dead.
The ogre hits you with a +0 giant spiked club!!
Ouch! That really hurt!
You die...

#...#
##..##
##..##
#...# #
##..## ## .
##..## ##.
... #...#
##..
.....##..##
##...
#..O@##
##..##
#......#
##.>##
#.........
#..##
##.#...####
####
###.### ###


You could see an ogre.

Vanquished Creatures
  Jessica (D:2)
  2 orc wizards (D:3)
  6 adders
  3 dart slugs
  2 orcs (D:3)
  8 bats
  7 endoplasms
  A giant cockroach (D:1)
  7 hobgoblins
  3 jackals (D:1)
  3 kobolds (D:2)
  2 quokkas
  6 ball pythons
  2 frilled lizards
  18 goblins
  7 rats
78 creatures vanquished.

Notes
Turn   | Place    | Note
-------+----------+-------------------------------------------
     0 | D:1      | qw the Gargoyle Fighter began the quest for the Orb.
     0 | D:1      | Reached XP level 1. HP: 14/14 MP: 1/1
     0 | D:1      | 0 ||| qw: Version: 0.3-a-24-ga2abf7b
     0 | D:1      | 0 ||| qw: Game counter: 7078
     0 | D:1      | 0 ||| qw: Melee chars always use a shield: true
     0 | D:1      | 0 ||| qw: God list: Okawaru
     0 | D:1      | 0 ||| qw: Allow faded altars: false
     0 | D:1      | 0 ||| qw: Do Orc after clearing Dungeon:15 true
     0 | D:1      | 0 ||| qw: Do second Lair branch before Depths: true
     0 | D:1      | 0 ||| qw: Lair rune preference: random
     0 | D:1      | 0 ||| qw: Goals: Normal, Zot:1-4, Slime:5, God:TSO, Crypt,
                  | Tomb, Abyss, Pan, Hells, Win
     0 | D:1      | 0 ||| PLANNING D:1-11
    33 | D:1      | Reached skill level 2 in Axes
   212 | D:1      | Reached XP level 2. HP: 6/19 MP: 2/2
   503 | D:1      | 503 ||| Stepping ~*~*~tactically~*~*~ (stealth).
   504 | D:1      | 504 ||| Stepping ~*~*~tactically~*~*~ (stealth).
   519 | D:1      | Reached skill level 3 in Axes
   568 | D:1      | Reached XP level 3. HP: 23/23 MP: 3/3
   610 | D:1      | 610 ||| Stepping ~*~*~tactically~*~*~ (stealth).
   903 | D:1      | 903 ||| UPGRADING to scarf of repulsion.
   908 | D:1      | 908 ||| UPGRADING to amulet of guardian spirit.
   913 | D:1      | 913 ||| READING scroll labelled HUATTI RAVAKE.
   914 | D:1      | 914 ||| READING scroll labelled MIMIOQ NEESABB.
   915 | D:1      | 915 ||| READING scroll labelled OBLOL WOSOE.
   916 | D:1      | 916 ||| DRINKING 2 coppery potions.
   917 | D:1      | 917 ||| DROPPING potion of degeneration.
   945 | D:2      | Noticed Jessica
   946 | D:2      | 946 ||| Stepping ~*~*~tactically~*~*~ (hiding).
   958 | D:2      | Killed Jessica
   959 | D:2      | Reached XP level 4. HP: 27/28 MP: 2/4
   984 | D:2      | 984 ||| Stepping ~*~*~tactically~*~*~ (stealth).
   986 | D:2      | 986 ||| Stepping ~*~*~tactically~*~*~ (stealth).
  1069 | D:2      | 1069 ||| Stepping ~*~*~tactically~*~*~ (hiding).
  1074 | D:2      | Reached skill level 4 in Axes
  1282 | D:2      | 1282 ||| DROPPING +0 club.
  1341 | D:2      | 1341 ||| Stepping ~*~*~tactically~*~*~ (stealth).
  1342 | D:2      | 1342 ||| Stepping ~*~*~tactically~*~*~ (stealth).
  1343 | D:2      | 1343 ||| Stepping ~*~*~tactically~*~*~ (stealth).
  1517 | D:2      | 1517 ||| Stepping ~*~*~tactically~*~*~ (stealth).
  1729 | D:2      | 1729 ||| READING scroll labelled BUOFFU NAOKH.
  1730 | D:2      | 1730 ||| READING scroll labelled FIUDON DU BOE.
  1739 | D:3      | 1739 ||| Stepping ~*~*~tactically~*~*~ (stealth).
  1747 | D:3      | 1747 ||| Stepping ~*~*~tactically~*~*~ (stealth).
  1748 | D:3      | 1748 ||| Stepping ~*~*~tactically~*~*~ (stealth).
  1749 | D:3      | 1749 ||| Stepping ~*~*~tactically~*~*~ (stealth).
  1751 | D:3      | 1751 ||| Stepping ~*~*~tactically~*~*~ (stealth).
  1903 | D:3      | Reached XP level 5. HP: 32/32 MP: 5/5
  2045 | D:3      | 2045 ||| Stepping ~*~*~tactically~*~*~ (stealth).
  2048 | D:3      | 2048 ||| Stepping ~*~*~tactically~*~*~ (stealth).
  2078 | D:3      | 2078 ||| Stepping ~*~*~tactically~*~*~ (hiding).
  2231 | D:3      | 2231 ||| Stepping ~*~*~tactically~*~*~ (stealth).
  2233 | D:3      | 2233 ||| Stepping ~*~*~tactically~*~*~ (hiding).
  2244 | D:3      | Reached skill level 5 in Axes
  2472 | D:3      | 2472 ||| READING scroll labelled MARRARR COCIRGH.
  2473 | D:3      | 2473 ||| READING scroll labelled OVOUTICAUF.
  2474 | D:3      | 2474 ||| READING scroll labelled NUGOFO EVES COJ.
  2475 | D:3      | 2475 ||| DRINKING 2 murky cyan potions.
  2514 | D:3      | 2514 ||| DRINKING 2 clear potions.
  2758 | D:4      | Noticed an ogre
  2760 | D:4      | HP: 5/33 [ogre/+0 giant spiked club (28)]
  2761 | D:4      | 2761 ||| DRINKING potion of heal wounds.
  2766 | D:4      | Mangled by an ogre

Levels and vault maps discovered:
D:1:      tarquinn_simple_flora_water_d, layout_loops_ring, amethyst_killhole,
          minmay_misc_feat_enclosed, chequers_jeans
D:2:      layout_basic, hangedman_decor_points, serial_bayou_pond_e,
          uniq_jessica
D:3:      layout_rooms, minmay_stone_trees_medium
D:4:      minmay_bubble_buster, layout_cave_pods,
          mainiacjoe_overflow_cross_hatched

Skill      XL: |  1  2  3  4  5 |
---------------+----------------+-----
Axes           | 2 3 4 5 |  5.1
Fighting       | |  3.9
Armour         | |  3.2
Shields        | |  3.2

Action                     |  1- 3 |  4- 6 || total
---------------------------+-------+-------++-------
  Melee: War axe           |    79 |   192 ||   271
    Use: Scroll            |     3 |     5 ||     8
         Potion            |     1 |     3 ||     4
 Armour: Scale mail        |    36 |    95 ||   131
  Dodge: Dodged            |    29 |    87 ||   116
         Repelled          |       |     2 ||     2
  Block: Buckler           |     8 |    33 ||    41

Table legend:
 A = Non-vault XP
 B = Vault XP
 C = Vault XP percentage of total XP
 D = Non-vault monster count
 E = Vault monster count
 F = Vault count percentage of total count
                 A         B        C        D         E       F
            +---------+---------+-------+---------+---------+-------
      Total |     272 |      37 |  12.0 |      77 |       1 |   1.3
            +---------+---------+-------+---------+---------+-------
        D:1 |      50 |       0 |   0.0 |      30 |       0 |   0.0
        D:2 |      64 |      37 |  36.6 |      21 |       1 |   4.5
        D:3 |     142 |       0 |   0.0 |      24 |       0 |   0.0
        D:4 |      16 |       0 |   0.0 |       2 |       0 |   0.0
            +---------+---------+-------+---------+---------+-------
